 Dungeon Crawl Stone Soup version 0.25-a0-517-gf8b3a32422 (webtiles) character file.

Game seed: 1520596115902533597, levelgen mode: classic

1734 EnegeticOcto the Chopper (level 8, 72/76 HPs)
             Began as a Deep Dwarf Fighter on Feb 17, 2020.
             Quit the game on level 5 of the Dungeon.
             The game lasted 00:01:53 (1677 turns).

EnegeticOcto the Chopper (Deep Dwarf Fighter)       Turns: 1677, Time: 00:01:53

Health: 72/76      AC: 12    Str: 23    XL:     8   Next: 76%
Magic:  2/2        EV:  9    Int:  8    God:
Gold:   83         SH: 10    Dex: 12    Spells: 7/7 levels left

rFire    . . .     SeeInvis .   m - +0 war axe
rCold    . . .     Gourm    .   c - +0 kite shield
rNeg     . . .     Faith    .   u - +0 plate armour
rPois    .         Spirit   .   (no helmet)
rElec    .         Reflect  .   (no cloak)
rCorr    .         Harm     .   (no gloves)
MR       +....                  (no boots)
Stlth    ..........             (no amulet)
HPRegen  0.00/turn              (no ring)
MPRegen  0.08/turn              s - +3 ring of evasion

@: non-regenerating
A: damage resistance, heal wounds, sense surroundings 1, no regeneration
a: Heal Wounds


You were on level 5 of the Dungeon.
You were not hungry.

You visited 1 branch of the dungeon, and saw 5 of its levels.

You collected 83 gold pieces.

Inventory:

Hand Weapons
 a - a +0 broad axe
 m - a +0 war axe (weapon)
Armour
 c - a +0 kite shield (worn)
 u - a +0 plate armour (worn)
Jewellery
 s - a +3 ring of evasion (right hand)
Wands
 g - a wand of polymorph (5)
 q - a wand of digging (4) {@V2}
 y - a wand of flame (19)
Scrolls
 f - 3 scrolls of noise {unknown}
 j - 3 scrolls of identify {unknown}
 n - a scroll of immolation {unknown}
 t - a scroll of magic mapping {unknown}
 w - 2 scrolls of amnesia {unknown}
 A - a scroll of blinking {unknown}
Potions
 d - a potion of berserk rage {unknown}
 h - a potion of resistance {unknown}
 i - a potion of agility {unknown}
 k - a potion of might {@q3}
 l - 2 potions of curing {unknown}
 o - a potion of cancellation {unknown}
 p - 2 potions of degeneration {unknown}
 r - a potion of mutation {unknown}
 v - a potion of magic {unknown}
 x - 2 potions of haste {unknown}
 z - a potion of heal wounds {unknown}
Comestibles
 b - 2 chunks of flesh
 e - 7 rations


   Skills:
 * Level 6.1 Fighting
 * Level 6.9 Axes
 + Level 5.7 Armour
 + Level 4.3 Dodging
 + Level 5.6 Shields


You had 7 spell levels left.
You didn't know any spells.
Your spell library contained the following spells:

 Spells                   Type           Power        Failure   Level  Hunger
 Magic Dart               Conj           #...         100%        1    ##.....
 Summon Small Mammal      Summ           #...         100%        1    ##.....
 Blink                    Tloc           N/A          100%        2    ###....
 Call Imp                 Summ           #.......     100%        2    ###....
 Slow                     Hex            #.......     100%        2    ###....
 Call Canine Familiar     Summ           #.......     100%        3    ####...
 Conjure Flame            Conj/Fire      #.......     100%        3    ####...
 Mephitic Cloud           Conj/Pois/Air  #.......     100%        3    ####...
 Summon Guardian Golem    Hex/Summ       #.......     100%        3    ####...
 Summon Ice Beast         Ice/Summ       #.......     100%        4    #####..
 Summon Lightning Spire   Summ/Air       #.......     100%        4    #####..


Dungeon Overview and Level Annotations

Branches:
Dungeon (5/15)
 Temple: D:4-7

Altars:
Xom

Shops:
D:5 ?


Innate Abilities, Weirdness & Mutations

You are resistant to damage.
You can heal yourself by infusing magical energy.
You passively map a small area around you.
You do not regenerate.


Message History

A crimson imp is nearby!
A crimson imp is nearby!
You closely miss the crimson imp.
The crimson imp is heavily wounded.
The crimson imp hits you.
You barely miss the crimson imp.
The crimson imp is moderately wounded.
The crimson imp blinks!
The crimson imp hits you but does no damage.
You miss the crimson imp.
The crimson imp is lightly wounded.
You block the crimson imp's attack.
The crimson imp hits you but does no damage.
You closely miss the crimson imp. You block the crimson imp's attack.
You barely miss the crimson imp. The crimson imp hits you.
You slash the crimson imp!
You kill the crimson imp!
No target in view!
No target in view!
v - a fizzy puce potion You pick up a book of Callings and begin reading...
You add the spells Summon Small Mammal, Call Canine Familiar, Summon Guardian Golem, Summon Lightning Spire and Summon Ice Beast to your library.
y - a wand of flame (19)
z - a black potion
There is an open door here.
There is an open door here.
Some of the chunks of flesh in your inventory have rotted away.
You see here a runed hand axe.
There is a stone staircase leading up here.
You see here 8 arrows.
You see here an arrow.
A quokka comes into view.
A quokka is nearby!
A quokka is nearby!
A quokka is nearby!
Found a scroll labeled MUDAID ETOMIC and a scroll labeled HAOGIZXU SUHEOLAO.
The quokka bites you but does no damage.
You hit the quokka.
The quokka is almost dead.
You block the quokka's attack.
Your plate armour prevents you from hitting the quokka.
The quokka is almost dead.
You block the quokka's attack. x2
You miss the quokka.
The quokka is almost dead.
The quokka barely misses you.
You hit the quokka.
You kill the quokka!
No target in view!
No target in view!
No target in view!
No target in view!
No target in view!
No target in view!
You butcher the quokka corpse.
b - 7 chunks of flesh (gained 2)
You see here a quokka skeleton. x2
j - 3 scrolls labeled MUDAID ETOMIC (gained 1)
A - a scroll labeled HAOGIZXU SUHEOLAO Some of the chunks of flesh in your inventory have rotted away.
Found Axaath Edykh's Magic Scroll Boutique.
There is an entrance to Axaath Edykh's Magic Scroll Boutique here.
You can access your shopping list by pressing '$'.
w - 2 scrolls labeled CEICVA YXURIA (gained 1)
A centaur skeleton comes into view.
A centaur skeleton is nearby!
A centaur skeleton is nearby!
The centaur skeleton hits you but does no damage. x2
You hit the centaur skeleton.
The centaur skeleton is lightly damaged.
The centaur skeleton hits you but does no damage.
You slash the centaur skeleton!
The centaur skeleton is heavily damaged.
The centaur skeleton closely misses you.
You block the centaur skeleton's attack.
You slash the centaur skeleton!
The centaur skeleton is almost destroyed.
You block the centaur skeleton's attack.
You hit the centaur skeleton.
The centaur skeleton is almost destroyed.
The centaur skeleton barely misses you.
The centaur skeleton hits you but does no damage.
You hit the centaur skeleton.
You destroy the centaur skeleton!
No target in view!
No target in view!
No target in view!
No target in view!
You open the door.
There is an open door here.
You see here a +0 giant spiked club.
You open the door.
Some of the chunks of flesh in your inventory have rotted away.
An adder zombie comes into view.
Found a wooden ring.
An adder zombie is nearby!
Unknown command.
Unknown command.
Unknown command.
Are you sure you want to abandon this character and quit the game? (Confirm with "yes".)

* * ,=.. , .Z. * * * ** ...
, #.#, , , , , ..# * * * *
#.#, #.# * #@# #.# #.# #.#
########.#
#........##########
#######.#####...........####
#................###.......#
#.#####.###.#....###.##)##.#


You could see an adder zombie.

Vanquished Creatures
  A two-headed ogre (D:4)
  2 ogres
  2 phantoms (D:4)
  2 centaurs (D:5)
  Blork the orc (D:4)
  A scorpion (D:4)
  A howler monkey (D:5)
  A crimson imp (D:5)
  2 jellies (D:4)
  A bullfrog zombie (D:4)
  2 orc priests (D:4)
  A centaur skeleton (D:5)
  Natasha (D:4)
  3 orc wizards
  2 worker ants (D:5)
  A howler monkey zombie (D:2)
  A worker ant zombie (D:5)
  2 adders (D:4)
  A shadow imp (D:5)
  2 oozes (D:4)
  3 worms
  2 leopard geckos
  9 orcs
  A ball python (D:3)
  3 hobgoblins
  An iguana (D:4)
  2 kobolds
  2 quokkas
  A frilled lizard (D:3)
  A goblin (D:3)
  A leopard gecko skeleton (D:4)
  A rat (D:3)
57 creatures vanquished.

Notes
Turn   | Place    | Note
-------+----------+-------------------------------------------
     0 | D:1      | EnegeticOcto the Deep Dwarf Fighter began the quest for the
                  | Orb.
     0 | D:1      | Reached XP level 1. HP: 20/20 MP: 1/1
    56 | D:2      | Reached XP level 2. HP: 16/27 MP: 2/2
   181 | D:3      | Reached skill level 1 in Dodging
   181 | D:3      | Reached XP level 3. HP: 9/34 MP: 3/3
   397 | D:4      | Noticed Blork the orc
   408 | D:4      | Killed Blork the orc
   408 | D:4      | Reached XP level 4. HP: 40/42 MP: 3/3
   470 | D:4      | Reached XP level 5. HP: 44/50 MP: 4/4
   526 | D:4      | Noticed an ogre
   542 | D:4      | Killed an ogre
   542 | D:4      | Reached XP level 6. HP: 44/57 MP: 3/3
   546 | D:4      | Found a shimmering altar of Xom.
   698 | D:4      | Noticed Natasha
   701 | D:4      | Killed Natasha
   715 | D:4      | Reached XP level 7. HP: 50/66 MP: 4/4
   824 | D:4      | Reached skill level 5 in Axes
  1185 | D:4      | Noticed a two-headed ogre
  1201 | D:4      | Killed a two-headed ogre
  1201 | D:4      | Reached skill level 5 in Fighting
  1201 | D:4      | Reached skill level 5 in Armour
  1201 | D:4      | Reached skill level 5 in Shields
  1201 | D:4      | Reached XP level 8. HP: 58/76 MP: 4/4
  1299 | D:5      | Entered Level 5 of the Dungeon
  1593 | D:5      | Found Axaath Edykh's Magic Scroll Boutique.
  1677 | D:5      | Quit the game

Levels and vault maps discovered:
D:1:      lordsloth_arrival_two_stooges, layout_basic, minmay_tromino_v4_a
D:2:      layout_rooms, bloody_trog
D:3:      cheibrodos_pilgrimage, layout_loops_cross,
          cheibrodos_ashenzari_chains, chequers_serial_rivers_micro_c,
          nrook_mini_vaults, minmay_shallow_snake_nest
D:4:      layout_loops_ring, dk_xom_monty_hall, uniq_natasha, uniq_blork_the_orc
D:5:      layout_loops_corners, minmay_temple_entry_large_hall, first_ration,
          serial_shops, nicolae_shop_stone

Skill      XL: |  1  2  3  4  5  6  7  8 |
---------------+-------------------------+-----
Fighting       | 3 4 5 6 |  6.1
Axes           | 3 4 6 |  6.9
Dodging        | 1 2 3 4 |  4.3
Armour         | 4 5 |  5.7
Shields        | 4 5 |  5.6

Action                   |  1- 3 |  4- 6 |  7- 9 || total
-------------------------+-------+-------+-------++-------
Melee: War axe           |    67 |    75 |   169 ||   311
 Abil: Heal Wounds       |     3 |     5 |    10 ||    18
  Eat: Chunk             |       |       |     3 ||     3
Armor: Scale mail        |    21 |    18 |     1 ||    40
       Plate armour      |       |       |    68 ||    68
Dodge: Dodged            |    16 |    15 |    49 ||    80
Block: Kite shield       |    35 |    30 |    87 ||   152

Table legend:
 A = Non-vault XP
 B = Vault XP
 C = Vault XP percentage of total XP
 D = Non-vault monster count
 E = Vault monster count
 F = Vault count percentage of total count
                 A         B        C        D         E       F
            +---------+---------+-------+---------+---------+-------
      Total |    2265 |     213 |   8.6 |      51 |       6 |  10.5
            +---------+---------+-------+---------+---------+-------
        D:1 |       2 |       0 |   0.0 |       1 |       0 |   0.0
        D:2 |      29 |       0 |   0.0 |       5 |       0 |   0.0
        D:3 |      53 |       2 |   3.6 |      10 |       1 |   9.1
        D:4 |    1585 |     211 |  11.7 |      23 |       5 |  17.9
        D:5 |     596 |       0 |   0.0 |      12 |       0 |   0.0
            +---------+---------+-------+---------+---------+-------
